 Dungeon Crawl Stone Soup version 0.19.0-16-g73b5abf (webtiles) character file.

135 Jerry the Slasher (level 5, 27/27 HPs)
             Began as a Vine Stalker Skald on Nov 11, 2016.
             Quit the game on level 3 of the Dungeon.
             The game lasted 00:08:08 (2421 turns).

Jerry the Slasher (Vine Stalker Skald)              Turns: 2421, Time: 00:08:08

Health: 27/27      AC:  6    Str: 14    XL:     5   Next: 18%
Magic:  9/9        EV: 11    Int: 12    God:
Gold:   145        SH:  0    Dex: 15    Spells: 1 memorised, 7 levels left

rFire  . . .     SeeInvis .     a - +0 falchion
rCold  . . .     Gourm    .     o - +0 ring mail (curse)
rNeg   . . .     Faith    .     (no shield)
rPois  .         Spirit   +     (no helmet)
rElec  .         Reflect  .     w - +0 cloak
rCorr  .         Harm     .     (no gloves)
MR     .....                    (no boots)
Stlth  +.........               (no amulet)
                                (no ring)
                                (no ring)

@: no status effects
A: fangs 2, regeneration 1, magic shield, antimagic bite, no device heal 3, rot
immunity
a: no special abilities


You were on level 3 of the Dungeon.
You were not hungry.

You visited 1 branch of the dungeon, and saw 3 of its levels.

You collected 145 gold pieces.

Inventory:

Hand Weapons
 a - a +0 falchion (weapon)
 z - a +0 blowgun
Missiles
 A - 10 poisoned needles
Armour
 b - a +0 leather armour
 e - a +0 plate armour
 o - a cursed +0 ring mail (worn)
 w - a +0 cloak (worn)
Scrolls
 g - 2 scrolls of identify {unknown}
 h - a scroll of enchant weapon {unknown}
 k - 2 scrolls of noise {unknown}
 m - a scroll of immolation {unknown}
 n - a scroll of amnesia {unknown}
 q - a scroll of teleportation {unknown}
 s - a scroll of random uselessness {unknown}
 y - a scroll of fog {unknown}
 B - a scroll of magic mapping {unknown}
Potions
 f - a potion of curing {unknown}
 i - 2 potions of brilliance {unknown}
 j - a potion of ambrosia {unknown}
 p - a potion of might {unknown}
 r - a potion of resistance {unknown}
 u - a potion of invisibility {unknown}
Books
 c - a book of Battle

   Spells                             Type                      Level
   a - Infusion                       Charms                       1
   b - Shroud of Golubria             Charms/Translocation         2
   c - Song of Slaying                Charms                       2
   d - Spectral Weapon                Hexes/Charms                 3
   e - Regeneration                   Charms/Necromancy            3
Comestibles
 d - a bread ration
 l - a royal jelly
 t - 5 fruits
 v - 2 chunks of flesh
 x - a slice of pizza


   Skills:
 + Level 2.7 Fighting
 + Level 3.1 Long Blades
 + Level 1.9 Armour
 + Level 1.7 Dodging
 - Level 2.1 Spellcasting
 - Level 3.0 Charms


You had 7 spell levels left.
You knew the following spells:

 Your Spells              Type           Power        Failure   Level  Hunger
a - Infusion              Chrm           #...         17%         1    ##.....


Dungeon Overview and Level Annotations

Branches:
Dungeon (3/15)

Altars:
Uskayaw


Innate Abilities, Weirdness & Mutations

You have extremely sharp teeth.
Your natural rate of healing is unusually fast.
When hurt, damage is shared between your health and your magic reserves.
Your bite disrupts and absorbs the magic of your enemies.
Potions and wands cannot restore your health.
You are immune to rotting.


Message History

You hit the worm.
The worm is almost dead.
The worm bites you but does no damage.
You hit the worm but do no damage. You bite the worm. You drain its power.
You kill the worm!
A - 6 poisoned needles (gained 1)
A - 8 poisoned needles (gained 2)
A - 10 poisoned needles (gained 2)
You see here a leopard gecko skeleton.
There is an open door here.
You open the door.
There is an open door here.
There is an open door here.
You open the door.
There is an open door here.
You see here a kobold corpse.
B - a scroll labeled YGOSKA MEUP
Found a hide-covered altar of Uskayaw.
Unknown command.
Are you sure you want to abandon this character and quit the game? (Confirm with "yes".)

.##### ..... #.#
.._. #.# ... .#
###.# # #.. ..
...# g# #.#
#.##.r##.# #.#####
#........# #@....#
#..S.....###.....#
###
#.<...........#
#..
##.##.###.....#
#.. #.# #.....##
#.. #.# ###.##.##
##. ... #.....# #.
... ####.## ###.
... ###.# #...


There were no monsters in sight!

Vanquished Creatures
  Crazy Yiuf (D:2)
  3 adders (D:2)
  3 worms
  5 leopard geckos
  4 orcs (D:3)
  A ball python (D:1)
  5 bats
  A giant cockroach (D:1)
  5 goblins
  6 hobgoblins
  9 jackals
  A quokka (D:3)
  2 frilled lizards (D:1)
  5 kobolds
  7 rats
58 creatures vanquished.

Notes
Turn   | Place    | Note
-------+----------+-------------------------------------------
     0 | D:1      | Jerry the Vine Stalker Skald began the quest for the Orb.
     0 | D:1      | Reached XP level 1. HP: 11/11 MP: 4/4
    81 | D:1      | Reached skill level 1 in Armour
    87 | D:1      | Reached skill level 1 in Dodging
    93 | D:1      | Reached XP level 2. HP: 13/15 MP: 6/6
   521 | D:1      | Reached XP level 3. HP: 18/18 MP: 7/7
  1354 | D:2      | Gained mutation: Your natural rate of healing is unusually fast. [Vine Stalker growth]
  1354 | D:2      | Reached XP level 4. HP: 19/23 MP: 8/8
  1682 | D:2      | Found a runed door.
  1830 | D:2      | Noticed Crazy Yiuf
  1888 | D:2      | HP: 1/23 [Crazy Yiuf/quarterstaff of chaos (5)]
  1897 | D:2      | Killed Crazy Yiuf
  2062 | D:2      | Reached XP level 5. HP: 27/27 MP: 9/9
  2420 | D:3      | Found a hide-covered altar of Uskayaw.
  2421 | D:3      | Quit the game

Skill      XL: |  1  2  3  4 |
---------------+-------------+-----
Armour         | 1 |  1.9
Dodging        | 1 |  1.7
Long Blades    | 2 3 |  3.1
Fighting       | 2 |  2.7
Spellcasting   | |  2.1
Charms         | |  3.0

Action                   |  1- 3 |  4- 6 || total
-------------------------+-------+-------++-------
Melee: Falchion          |   122 |    83 ||   205
       Bite              |    28 |    25 ||    53
 Fire: Blowgun           |       |     5 ||     5
  Eat: Chunk             |     2 |     3 ||     5
Armor: Plate armour      |   111 |    26 ||   137
       Ring mail         |       |    16 ||    16
Dodge: Dodged            |    30 |    35 ||    65
       Rpst.: Falchion   |     8 |    11 ||    19
